BR (22 & UNDER)
SAN FRANCISCO MACHO MEN @ INDIAN HILLS VOODOO
08/01/2030
 
TOP OF THE 1ST
San Francisco Macho Men batting - Pitching for Indian Hills Voodoo : RHP Mark Manning
Pitching: RHP Mark Manning
Batting: RHB Manny Moreno 0-0: Swinging Strike
0-1: Ball
1-1: Ball
2-1: Foul Ball, location: 2F
2-2: SINGLE (Flyball, 8LS)
Batting: RHB Ánibal López 0-0: Called Strike
0-1: SINGLE (Line Drive, 9S)
Manny Moreno to second
Runner from 2nd tries for 3rd, SAFE, throw made to third
Batting: RHB Clay Smith 0-0: Ball
1-0: Ball
2-0: Ball
Passed Ball!
Manny Moreno scores
Ánibal López to second
3-0: Called Strike
3-1: Fly out, F7 (Flyball, 7S)
Batting: RHB Javier Gonzáles 0-0: Swinging Strike
0-1: Called Strike
0-2: Foul Ball, location: 2F
0-2: Ball
1-2: SINGLE (Groundball, 56D)
Ánibal López to third
Runner from 3rd tries for Home, SAFE, throw made home
Javier Gonzáles to second
Batting: RHB Jason Carr 0-0: Ball
1-0: Foul Ball, location: 2F
1-1: TRIPLE (Flyball, 7D)
Javier Gonzáles scores
Batting: RHB Manny Suárez 0-0: Called Strike
0-1: Swinging Strike
0-2: Foul Ball, location: 2F
0-2: Strikes out swinging
Batting: RHB Dave MacGruder 0-0: Called Strike
0-1: Called Strike
0-2: Ball
1-2: Ball
2-2: Foul Ball, location: 2F
2-2: Strikes out swinging
Top of the 1st over - 3 runs, 4 hits, 0 errors, 1 left on base; San Francisco 3 - Indian Hills 0
BOTTOM OF THE 1ST
Indian Hills Voodoo batting - Pitching for San Francisco Macho Men : RHP Júlio González
Pitching: RHP Júlio González
Batting: LHB Dave Wilkinson 0-0: Ball
1-0: Ball
2-0: Ball
3-0: Called Strike
3-1: Fly out, F8 (Flyball, 89M)
Batting: RHB Enrique García 0-0: Ball
1-0: SINGLE (Groundball, 4MD)
Batting: RHB Ernesto Reyes 0-0: Ball
1-0: Foul Ball, location: 2F
1-1: Ball
2-1: Ball
3-1: Base on Balls
Enrique García to second
Batting: RHB Dave Cooke 0-0: Foul Ball, location: 2F
0-1: Grounds into double play, 1-6-3 (Groundball, 13S)
Bottom of the 1st over - 0 runs, 1 hit, 0 errors, 1 left on base; San Francisco 3 - Indian Hills 0
TOP OF THE 2ND
San Francisco Macho Men batting - Pitching for Indian Hills Voodoo : RHP Mark Manning
Batting: RHB Bob Jones 0-0: Foul Ball, location: 2F
0-1: Ball
1-1: Ball
2-1: Swinging Strike
2-2: Strikes out swinging
Batting: RHB Félix López 0-0: Ball
1-0: Swinging Strike
1-1: Called Strike
1-2: Ground out 6-3 (Groundball, 6M)
Batting: RHB Manny Moreno 0-0: Called Strike
0-1: Fly out, F7 (Line Drive, 7D)
Top of the 2nd over - 0 runs, 0 hits, 0 errors, 0 left on base; San Francisco 3 - Indian Hills 0
BOTTOM OF THE 2ND
Indian Hills Voodoo batting - Pitching for San Francisco Macho Men : RHP Júlio González
Batting: RHB Yeong-seon Kim 0-0: Called Strike
0-1: Foul Ball, location: 2F
0-2: Ball
1-2: Foul Ball, location: 2F
1-2: Ball
2-2: SINGLE (Groundball, 6D)
Batting: RHB Tim Wise 0-0: Ball
1-0: Ball
2-0: Fly out, F9 (Flyball, 9)
Batting: RHB Jake Holmes 0-0: Ball
1-0: Called Strike
1-1: Swinging Strike
1-2: Strikes out swinging
Batting: RHB Joe Hughes 0-0: Ball
1-0: Swinging Strike
1-1: Called Strike
1-2: Ball
2-2: Foul Ball, location: 2F
2-2: SINGLE (Groundball, 4D)
Yeong-seon Kim to second
Runner from 2nd tries for 3rd, SAFE, throw made to third
Batting: RHB António Cheas 0-0: Ball
1-0: Called Strike
1-1: Foul Ball, location: 2F
1-2: Ball
2-2: Ground out 5-3 (Groundball, 56S)
Bottom of the 2nd over - 0 runs, 2 hits, 0 errors, 2 left on base; San Francisco 3 - Indian Hills 0
TOP OF THE 3RD
San Francisco Macho Men batting - Pitching for Indian Hills Voodoo : RHP Mark Manning
Batting: RHB Ánibal López 0-0: Fly out, F9 (Flyball, 89XD)
Batting: RHB Clay Smith 0-0: Called Strike
0-1: Foul Ball, location: 2F
0-2: Strikes out swinging
Batting: RHB Javier Gonzáles 0-0: Ball
1-0: Ball
2-0: Ball
3-0: Called Strike
3-1: SINGLE (Line Drive, 9S)
Batting: RHB Jason Carr 0-0: Ball
1-0: Ball
2-0: Called Strike
2-1: Ball
3-1: Called Strike
3-2: Foul Ball, location: 2F
3-2: Foul Ball, location: 2F
3-2: Strikes out looking
Top of the 3rd over - 0 runs, 1 hit, 0 errors, 1 left on base; San Francisco 3 - Indian Hills 0
BOTTOM OF THE 3RD
Indian Hills Voodoo batting - Pitching for San Francisco Macho Men : RHP Júlio González
Batting: LHB Dave Wilkinson 0-0: Ball
1-0: Foul Ball, location: 2F
1-1: Ground out U3 (Groundball, 3)
Batting: RHB Enrique García 0-0: Ball
1-0: Called Strike
1-1: Foul Ball, location: 2F
1-2: Strikes out swinging
Batting: RHB Ernesto Reyes 0-0: Called Strike
0-1: Ball
1-1: Ball
2-1: Foul Ball, location: 2F
2-2: SINGLE (Line Drive, 7S)
Batting: RHB Dave Cooke 0-0: Called Strike
0-1: Ball
1-1: Foul Ball, location: 2F
1-2: Foul Ball, location: 2F
1-2: Foul Ball, location: 2F
1-2: Ball
2-2: Fielders Choice at 2nd, 6-4 (Groundball, 6)
Bottom of the 3rd over - 0 runs, 1 hit, 0 errors, 1 left on base; San Francisco 3 - Indian Hills 0
TOP OF THE 4TH
San Francisco Macho Men batting - Pitching for Indian Hills Voodoo : RHP Mark Manning
Batting: RHB Manny Suárez 0-0: Ball
1-0: Foul Ball, location: 2F
1-1: Foul Ball, location: 2F
1-2: Strikes out swinging
Batting: RHB Dave MacGruder 0-0: SOLO HOME RUN (Flyball, 78XD), Distance : 384 ft
Batting: RHB Bob Jones 0-0: Ball
1-0: Ball
2-0: Swinging Strike
2-1: Foul Ball, location: 2F
2-2: Foul Ball, location: 2F
2-2: Strikes out swinging
Batting: RHB Félix López 0-0: Ball
1-0: Ball
2-0: Called Strike
2-1: Ground out 5-3 (Groundball, 56S)
Top of the 4th over - 1 run, 1 hit, 0 errors, 0 left on base; San Francisco 4 - Indian Hills 0
BOTTOM OF THE 4TH
Indian Hills Voodoo batting - Pitching for San Francisco Macho Men : RHP Júlio González
Batting: RHB Yeong-seon Kim 0-0: Called Strike
0-1: Ball
1-1: Ground out 5-3 (Groundball, 56)
Batting: RHB Tim Wise 0-0: Foul Ball, location: 2F
0-1: Ball
1-1: Foul Ball, location: 2F
1-2: Strikes out swinging
Batting: RHB Jake Holmes 0-0: Called Strike
0-1: Ball
1-1: Ball
2-1: Fly out, F9 (Flyball, 9)
Bottom of the 4th over - 0 runs, 0 hits, 0 errors, 0 left on base; San Francisco 4 - Indian Hills 0
TOP OF THE 5TH
San Francisco Macho Men batting - Pitching for Indian Hills Voodoo : RHP Mark Manning
Batting: RHB Manny Moreno 0-0: Foul Ball, location: 2F
0-1: Foul Ball, location: 2F
0-2: Ball
1-2: Fly out, F8 (Flyball, 8LS)
Now in CF: Ramón López
Batting: RHB Ánibal López 0-0: Called Strike
0-1: Called Strike
0-2: Foul Ball, location: 2F
0-2: Strikes out swinging
Batting: RHB Clay Smith 0-0: Swinging Strike
0-1: Foul Ball, location: 2F
0-2: Ball
1-2: Foul Ball, location: 2F
1-2: Foul Ball, location: 2F
1-2: Ball
2-2: Fly out, F7 (Line Drive, 7)
Top of the 5th over - 0 runs, 0 hits, 0 errors, 0 left on base; San Francisco 4 - Indian Hills 0
BOTTOM OF THE 5TH
Indian Hills Voodoo batting - Pitching for San Francisco Macho Men : RHP Júlio González
Batting: RHB Joe Hughes 0-0: Ball
1-0: Foul Ball, location: 2F
1-1: Called Strike
1-2: Strikes out swinging
Batting: RHB António Cheas 0-0: Called Strike
0-1: Ball
1-1: Called Strike
1-2: Ball
2-2: Foul Ball, location: 2F
2-2: Fly out, F8 (Flyball, 8RM)
Batting: LHB Dave Wilkinson 0-0: Ball
1-0: Ball
2-0: Called Strike
2-1: Swinging Strike
2-2: Foul Ball, location: 2F
2-2: Strikes out swinging
Bottom of the 5th over - 0 runs, 0 hits, 0 errors, 0 left on base; San Francisco 4 - Indian Hills 0
TOP OF THE 6TH
San Francisco Macho Men batting - Pitching for Indian Hills Voodoo : RHP Mark Manning
Batting: RHB Javier Gonzáles 0-0: Foul Ball, location: 2F
0-1: Ground out 4-3 (Groundball, 4M)
Batting: RHB Jason Carr 0-0: Ball
1-0: Ball
2-0: Ball
3-0: Base on Balls
Batting: RHB Manny Suárez 0-0: Ball
1-0: Ball
2-0: Ball
3-0: Base on Balls
Jason Carr to second
Pitching: RHP Zhao-ying Wang
Batting: RHB Dave MacGruder 0-0: Ball
1-0: Ball
2-0: Called Strike
2-1: Fielders Choice at 2nd, 1-6 (Groundball, P)
Jason Carr to third
Pitching: RHP Ángel Quiñones
Batting: RHB Bob Jones 0-0: Ball
1-0: Ground out 1-3 (Groundball, 15S)
Top of the 6th over - 0 runs, 0 hits, 0 errors, 2 left on base; San Francisco 4 - Indian Hills 0
BOTTOM OF THE 6TH
Indian Hills Voodoo batting - Pitching for San Francisco Macho Men : RHP Júlio González
Batting: RHB Ramón López 0-0: Ball
1-0: Fly out, F7 (Flyball, 78S)
Batting: RHB Ernesto Reyes 0-0: Swinging Strike
0-1: SINGLE (Line Drive, 8LS)
Batting: RHB Dave Cooke 0-0: Called Strike
0-1: Ball
1-1: Foul Ball, location: 2F
1-2: SINGLE (Groundball, 6MD)
Ernesto Reyes to second
Batting: RHB Yeong-seon Kim 0-0: Ball
1-0: Foul Ball, location: 2F
1-1: Called Strike
1-2: Foul Ball, location: 2F
1-2: Ball
Wild Pitch!
Ernesto Reyes to third
Dave Cooke to second
2-2: Strikes out swinging
Batting: RHB Tim Wise 0-0: SINGLE (Line Drive, 8LS)
Ernesto Reyes scores
Dave Cooke to third
Runner from 3rd tries for Home, SAFE, throw made home
Pitching: RHP Cecil Cooper
Batting: RHB Jake Holmes 0-0: Ball
1-0: Ball
2-0: Fly out, F9 (Flyball, 9S)
Bottom of the 6th over - 2 runs, 3 hits, 0 errors, 1 left on base; San Francisco 4 - Indian Hills 2
TOP OF THE 7TH
San Francisco Macho Men batting - Pitching for Indian Hills Voodoo : RHP Ángel Quiñones
Batting: RHB Félix López 0-0: Ball
1-0: Fly out, F9 (Flyball, 9LM)
Batting: RHB Manny Moreno 0-0: Ball
1-0: Ball
2-0: Called Strike
2-1: Ball
3-1: Fly out, F7 (Flyball, 78D)
Batting: RHB Ánibal López 0-0: Ball
1-0: Called Strike
1-1: Fly out, F7 (Flyball, 7LD)
Top of the 7th over - 0 runs, 0 hits, 0 errors, 0 left on base; San Francisco 4 - Indian Hills 2
BOTTOM OF THE 7TH
Indian Hills Voodoo batting - Pitching for San Francisco Macho Men : RHP Cecil Cooper
Batting: RHB Joe Hughes 0-0: SINGLE (Flyball, 7LM)
Batting: RHB António Cheas 0-0: Ball
1-0: Fly out, F8 (Flyball, 8LD)
Batting: LHB Dave Wilkinson 0-0: Called Strike
0-1: Fielders Choice at 2nd, 3-6 (Groundball, 3)
Batting: RHB Ramón López 0-0: Called Strike
0-1: SINGLE (Groundball, 4MD)
Dave Wilkinson to second
Pinch Hitting: LHB Guang Miao 0-0: Ball
1-0: Ball
2-0: Foul Ball, location: 2F
2-1: Foul Ball, location: 2F
2-2: Fly out, F4 (Line Drive, 4)
Bottom of the 7th over - 0 runs, 2 hits, 0 errors, 2 left on base; San Francisco 4 - Indian Hills 2
TOP OF THE 8TH
San Francisco Macho Men batting - Pitching for Indian Hills Voodoo : RHP Ángel Quiñones
Now at 1B: Guang Miao
Batting: RHB Clay Smith 0-0: Ball
1-0: Foul Ball, location: 2F
1-1: Ball
2-1: Foul Ball, location: 2F
2-2: Ball
3-2: Ground out 4-3 (Groundball, 4)
Batting: RHB Javier Gonzáles 0-0: Called Strike
0-1: Called Strike
0-2: Fly out, F4 (Line Drive, 4)
Batting: RHB Jason Carr 0-0: Called Strike
0-1: Called Strike
0-2: Foul Ball, location: 2F
0-2: Ball
1-2: Ground out 5-3 (Groundball, 56)
Top of the 8th over - 0 runs, 0 hits, 0 errors, 0 left on base; San Francisco 4 - Indian Hills 2
BOTTOM OF THE 8TH
Indian Hills Voodoo batting - Pitching for San Francisco Macho Men : RHP Cecil Cooper
Now at 3B: Armando Alomar
Batting: RHB Dave Cooke 0-0: Called Strike
0-1: Ground out 4-3 (Groundball, 4)
Batting: RHB Yeong-seon Kim 0-0: Called Strike
0-1: Foul Ball, location: 2F
0-2: Strikes out looking
Batting: RHB Tim Wise 0-0: Called Strike
0-1: Ball
1-1: Ball
2-1: Called Strike
2-2: Strikes out looking
Bottom of the 8th over - 0 runs, 0 hits, 0 errors, 0 left on base; San Francisco 4 - Indian Hills 2
TOP OF THE 9TH
San Francisco Macho Men batting - Pitching for Indian Hills Voodoo : RHP Ángel Quiñones
Batting: RHB Manny Suárez 0-0: Reached on error, E3 (Groundball, 34)
Batting: RHB Dave MacGruder 0-0: Ball
1-0: Foul Ball, location: 2F
1-1: DOUBLE (Line Drive, 9LM)
Manny Suárez to third
Batting: RHB Bob Jones 0-0: Intentional Walk
Pinch Hitting: RHB Daniel Bennett 0-0: Foul Ball, location: 2F
0-1: Ball
1-1: Ball
2-1: Grounds into fielders choice 4-2 (Groundball, 34)
Dave MacGruder to third
Bob Jones to second
Batting: RHB Manny Moreno 0-0: Ball
1-0: Called Strike
1-1: GRAND SLAM HOME RUN (Flyball, 7D), Distance : 370 ft
Pitching: LHP Félix López
Batting: RHB Ánibal López 0-0: Called Strike
0-1: Foul Ball, location: 2F
0-2: Ball
1-2: Ball
2-2: Ground out 6-3 (Groundball, 6M)
Batting: RHB Armando Alomar 0-0: Ball
1-0: Swinging Strike
1-1: Ball
2-1: Ground out 3-1 (Groundball, 34S)
Top of the 9th over - 4 runs, 2 hits, 1 error, 0 left on base; San Francisco 8 - Indian Hills 2
BOTTOM OF THE 9TH
Indian Hills Voodoo batting - Pitching for San Francisco Macho Men : RHP Cecil Cooper
Now at C: Pedro Pérez
Batting: RHB Jake Holmes 0-0: Foul Ball, location: 2F
0-1: Fly out, F8 (Flyball, 8RXD)
Batting: RHB Joe Hughes 0-0: Foul Ball, location: 2F
0-1: Fly out, F9 (Flyball, 9LS)
Batting: RHB António Cheas 0-0: Fly out, F8 (Flyball, 89D)
Bottom of the 9th over - 0 runs, 0 hits, 0 errors, 0 left on base; San Francisco 8 - Indian Hills 2
Saturday, April 7th, 2018 - OOTP Baseball 18.8 Build 76